 Dungeon Crawl Stone Soup version 0.31.0-4-g52a2dc7128 (webtiles) character file.

Game seed: 11711778058451938606

32000 BeingJoeMalik the Fencer (level 13, -10/115 HPs)
             Began as a Green Draconian Monk on Jan 22, 2024.
             Was a High Priest of the Shining One.
             Hit by a silver javelin thrown by a minotaur (12 damage)
             ... in a Gauntlet.
             The game lasted 00:52:48 (16837 turns).

BeingJoeMalik the Fencer (Green Draconian Monk)    Turns: 16837, Time: 00:52:48

Health: -10/115    AC: 12    Str: 20    XL:     13   Next: 29%
Magic:  3/13       EV: 21    Int: 10    God:    the Shining One [*****.]
Gold:   1712       SH:  0    Dex: 15    Spells: 12/12 levels left

rFire   . . .        u - +2 scimitar (flame)
rCold   + . .        (no shield)
rNeg    + + .        (body armour unavailable)
rPois   +            (helmet restricted)
rElec   .            w - +1 cloak
rCorr   .            J - +0 pair of gloves of Least Resistance {Dex+2 Stlth+}
SInv    .            p - +0 pair of boots
Will    .....        (no amulet)
Stlth   +            e - +5 ring of evasion
HPRegen 0.39/turn    r - ring of protection from cold
MPRegen 0.13/turn

%: no teleportation
@: glowing
A: breathe noxious fumes, AC +8, unfitting armour, poison resistance,
cold-blooded
a: Breathe Noxious Fumes, Renounce Religion, Divine Shield, Cleansing Flame,
Summon Divine Warrior


You were in a Gauntlet.
You worshipped the Shining One.
The Shining One was extremely pleased with you.
You visited 4 branches of the dungeon, and saw 15 of its levels.
You also visited: Bailey and Gauntlet.

You collected 1712 gold pieces.

Inventory:

Hand Weapons
 l - a +0 great sword of holy wrath
 u - a +2 scimitar of flaming (weapon)
 C - a +2 sling of freezing
 H - a +2 great sword
 K - a +0 triple sword of flaming
Missiles
 q - 5 silver javelins
 y - 2 throwing nets
 z - 2 curare-tipped darts
Armour
 p - a +0 pair of boots (worn)
 w - a +1 cloak (worn)
 J - the +0 pair of gloves of Least Resistance (worn) {Dex+2 Stlth+}
   (You acquired it in a bailey)

   Dex+2:     It affects your dexterity (+2).
   Stlth+:    It makes you more stealthy.
 P - the +0 pair of gloves of Distant Shores {Int-5 Dex+5 SInv}
   (You found it in a Gauntlet)

   Int-5:     It affects your intelligence (-5).
   Dex+5:     It affects your dexterity (+5).
   SInv:      It lets you see invisible.
Magical Staves
 h - the staff of the Thing {rElec Int+6 Air}
   (You found it in a Gauntlet)

   [staff of air]

   Base accuracy: +5 Base damage: 5 Base attack delay: 1.2 This weapon's minimum
   attack delay (0.6) is reached at skill level 12.
   Int+6:     It affects your intelligence (+6).
   rElec:     It insulates you from electricity.
   Air:       It increases the power of your Air spells.
   It falls into the 'Staves' category.
   It is a one-handed weapon.
Jewellery
 d - a ring of ice
 e - a +5 ring of evasion (left hand)
 j - the ring "Heahevvital" {rF+ rCorr Str+4 Int+3}
   (You found it in a Gauntlet)

   [ring of resist corrosion]

   Str+4:     It affects your strength (+4).
   Int+3:     It affects your intelligence (+3).
   rF+:       It protects you from fire.
   rCorr:     It protects you from acid and corrosion.
 r - a ring of protection from cold (right hand)
 F - a ring of protection from fire
 L - a ring of protection from fire
 M - a ring of wizardry
 O - the amulet of Kugeuvas {Faith Will+}
   (You found it in a Gauntlet)

   [amulet of faith]

   Faith:     It allows you to gain divine favour quickly.
   Will+:     It increases your willpower.
Talismans
 G - a maw talisman
Wands
 c - a wand of iceblast (4)
 o - a wand of paralysis (29)
 v - a wand of flame (9)
 B - a wand of mindburst (11)
 E - a wand of quicksilver (14)
Scrolls
 g - 3 scrolls of fear
 i - 7 scrolls of revelation
 s - 7 scrolls of identify
 A - 2 scrolls of teleportation
 N - a scroll of poison
Potions
 a - a potion of enlightenment
 b - 3 potions of ambrosia
 k - 3 potions of magic
 m - 2 potions of invisibility
 n - 6 potions of mutation
 t - 2 potions of brilliance
 x - 2 potions of resistance
 D - a potion of lignification
 I - a potion of haste


   Skills:
 + Level 10.9 Fighting
 - Level 10.5(14.6) Short Blades
 * Level 16.1(17.2) Long Blades
 + Level 8.5 Dodging


You had 12 spell levels left.
You didn't know any spells.
Your spell library contained the following spells:

 Spells                   Type           Power      Damage    Failure   Level
 Slow                     Hex            0%         N/A       36%         1
 Confusing Touch          Hex            0%         N/A       75%         3
 Frozen Ramparts          Ice            0%         1d1       75%         3
 Inner Flame              Hex/Fire       0%         N/A       75%         3
 Sigil of Binding         Hex            0%         N/A       75%         3
 Summon Ice Beast         Ice/Summ       0%         N/A       75%         3
 Vampiric Draining        Necr           0%         2d6       75%         3
 Flame Wave               Conj/Fire      0%         2d4       98%         4
 Leda's Liquefaction      Alch/Erth      0%         N/A       98%         4
 Petrify                  Alch/Erth      0%         N/A       98%         4
 Sticky Flame             Fire/Alch      0%         2d4       98%         4
 Metabolic Englaciation   Hex/Ice        0%         N/A       100%        5
 Summon Mana Viper        Hex/Summ       0%         N/A       100%        5
 Monstrous Menagerie      Summ           0%         N/A       100%        7


Dungeon Overview and Level Annotations

Branches:
Dungeon (11/15)            Temple (1/1) D:7            Lair (1/5) D:10
    Orc (2/2) D:11            Elf (0/3) Orc:2        Bailey (visited)
Gauntlet (1/1)

Altars:
Ashenzari
Cheibriados
Dithmenos
Elyvilon
Fedhas
Gozag
Hepliaklqana
Kikubaaqudgha
Makhleb
Nemelex Xobeh
Okawaru
Qazlal
Ru
Sif Muna
Trog
Uskayaw
Vehumet
Wu Jian
Xom
Yredelemnul
Zin
The Shining One

Shops:
D:2 :   D:6 :   D:9 (   Orc:2 *!

Annotations:
D:3 2 runed translucent doors, Crazy Yiuf
Lair:1 exclusion: ice statue Gauntlet 8 transporters, 1 runed translucent door


Innate Abilities, Weirdness & Mutations

You can breathe blasts of noxious fumes.
Your lurid green scales are hard. (AC +8)
You cannot fit into any form of body armour.
Your system is resistant to poisons. (rPois)
You are cold-blooded and may be slowed by cold attacks.


Message History

Your wolf dissolves into shadows!
Found a thin amethyst amulet.
Found a gate leading back out of this place.
Unknown command.
You swap places.
The minotaur hits you with a +0 war axe!!
* * * LOW HITPOINT WARNING * * *
The minotaur hits your wolf with a +0 war axe.
The minotaur gores you but does no damage.
Unknown command.
You swap places.
The minotaur hits your elephant with a +0 war axe!!
The minotaur hits your wolf with a +0 war axe!
The minotaur gores your elephant!
Unknown command.
The minotaur hits your elephant with a +0 war axe!!
The minotaur hits something with a +0 war axe!
The minotaur gores your elephant!
Your elephant dies!
Your elephant's corpse dissolves into shadows!
Unknown command.
The minotaur throws a silver javelin.
The silver javelin pierces through your wolf.
The silver javelin closely misses you.
Unknown command.
The minotaur barely misses your wolf. The minotaur gores your wolf!
The minotaur throws a silver javelin.
The silver javelin pierces through your wolf!
Your wolf dies!
Your wolf's corpse dissolves into shadows!
The silver javelin pierces through you!!
* * * LOW HITPOINT WARNING * * *
x2 Unknown command.
Okay, then.
Unknown command.
Unknown command.
The minotaur throws a silver javelin.
The silver javelin pierces through your elephant!!
The silver javelin pierces through you!
You die...

##≈...#.... ##...#####
##≈.♣......
#####≈≈.P.#####
#...##≈...#....
######.♣.###.P.#[.#.
#...##...##..♣.#.###
#.#.##.♣.#...P.#©.#©
#.#@.....#.♣...#)..#
#.#.##.©.#.....#!... ###
#.YY##YY.#.....#....
#..⌠.##H#.##.©.#.....#####
+⌠....'.#...h..#..∩.......
#...∩##.#.##.©.#.....#####
#.⌠. #...##...#.....#J...
##+ #.#.##.©.#.....#?###
#.#......#.♣P..#...#


You could see a minotaur and 2 friendly elephants.

Vanquished Creatures
  An orc warlord (D:11)
  2 two-headed ogres
  2 death yaks (Lair:1)
  An orc high priest (Orc:1)
  4 orc knights
  Pikel (D:6)
  Maurice (D:7)
  3 orc sorcerers
  A cyclops (D:11)
  5 elephants
  2 black mambas (Lair:1)
  5 cane toads (Lair:1)
  A smoke demon (Gauntlet)
  2 unseen horrors (D:11)
  4 rime drakes (Lair:1)
  Maggie (D:6)
  2 gargoyles
  6 kobold demonologists
  Jeremiah (D:7)
  A red devil (Gauntlet)
  4 polar bears (Lair:1)
  4 trolls
  Sigmund (D:3)
  A shadow (D:10)
  A wyvern (D:10)
  25 yaks
  A wraith (D:10)
  A basilisk (D:10)
  3 wargs
  Menkaure (D:7)
  2 steam dragons
  An acid dragon (D:9)
  3 water moccasins (Lair:1)
  33 orc warriors
  An ice beast (D:6)
  2 black bears
  5 ogres
  A wolf (Lair:1)
  4 centaurs
  2 gnoll sergeants
  8 kobold brigands
  6 bullfrogs
  2 two-headed ogre simulacra (Lair:1)
  3 scorpions
  19 wights
  A killer bee (D:9)
  5 howler monkeys
  5 electric eels (Bailey)
  2 crimson imps (Gauntlet)
  A jelly (D:6)
  A human zombie (D:3)
  2 bombardier beetles (D:5)
  8 hounds
  19 orc priests
  13 orc wizards
  Robin (D:1)
  23 gnolls
  5 adders
  2 shadow imps
  2 white imps
  2 ufetubi (D:5)
  3 dart slugs
  2 ribbon worms
  51 orcs
  10 ball pythons
  2 bats
  8 endoplasms
  3 giant cockroaches
  21 goblins
  11 hobgoblins
  2 jackals (D:1)
  28 kobolds
  5 quokkas
  4 frilled lizards
  A goblin zombie (D:3)
  A jackal zombie (D:3)
  9 rats
433 creatures vanquished.

Vanquished Creatures (collateral kills)
  An orc priest (D:5)
  2 gnolls (D:5)
  3 orcs (D:5)
6 creatures vanquished.

Grand Total: 439 creatures vanquished

Notes
Turn   | Place    | Note
-------+----------+-------------------------------------------
     0 | D:1      | BeingJoeMalik the Draconian Monk began the quest for the
                  | Orb.
     0 | D:1      | Reached XP level 1. HP: 19/19 MP: 1/1
   118 | D:3      | Reached skill level 1 in Short Blades
   160 | D:3      | Reached XP level 2. HP: 26/26 MP: 2/2
   222 | D:3      | Noticed Sigmund
   454 | D:1      | Reached XP level 3. HP: 31/31 MP: 3/3
   939 | D:2      | Found Ulasing's Book Shoppe.
  1005 | D:2      | Found a sacrificial altar of Ru.
  1279 | D:2      | Noticed Robin
  1294 | D:2      | Reached XP level 4. HP: 30/38 MP: 4/4
  1406 | D:1      | Killed Robin
  1766 | D:3      | Reached XP level 5. HP: 45/45 MP: 5/5
  1787 | D:3      | Killed Sigmund
  1788 | D:3      | Reached XP level 6. HP: 18/51 MP: 6/6
  2060 | D:3      | Found a runed translucent door.
  2060 | D:3      | Noticed a human
  2070 | D:3      | Found a basalt altar of Yredelemnul.
  2158 | D:3      | Found a radiant altar of Vehumet.
  2224 | D:3      | Found a runed translucent door.
  2225 | D:3      | Noticed Crazy Yiuf
  2326 | D:4      | Found an ornate altar of the Wu Jian Council.
  2595 | D:4      | Found a sparkling altar of Nemelex Xobeh.
  2848 | D:5      | Entered Level 5 of the Dungeon
  2894 | D:5      | Your scales start taking on a lurid green colour.
  2894 | D:5      | Reached XP level 7. HP: 54/57 MP: 7/7
  2894 | D:5      | Gained mutation: Your system is resistant to poisons.
                  | (rPois) [Green Draconian growth]
  3512 | D:5      | Found a shimmering altar of Xom.
  3601 | D:6      | Found Qoniunlo's Book Emporium.
  3648 | D:6      | Reached XP level 8. HP: 66/66 MP: 8/8
  4090 | D:6      | Found a shimmering blue altar of Sif Muna.
  4212 | D:6      | Reached skill level 10 in Short Blades
  4397 | D:6      | Noticed Maggie
  4408 | D:6      | Killed Maggie
  4409 | D:6      | Reached XP level 9. HP: 42/72 MP: 9/9
  4587 | D:6      | Noticed Pikel
  4611 | D:6      | Killed Pikel
  4612 | D:6      | Reached skill level 5 in Fighting
  4612 | D:6      | Reached skill level 4 in Long Blades
  4612 | D:6      | Reached skill level 5 in Dodging
  4679 | D:6      | Found a glowing golden altar of the Shining One.
  4853 | D:6      | Became a worshipper of the Shining One
  4853 | D:6      | Reached * piety under the Shining One
  4853 | D:6      | Reached ** piety under the Shining One
  4876 | D:7      | Noticed Menkaure
  4880 | D:7      | Killed Menkaure
  5116 | D:7      | Found a burning altar of Makhleb.
  5130 | D:7      | Noticed Maurice
  5140 | D:7      | Killed Maurice
  5141 | D:7      | Reached skill level 5 in Long Blades
  5224 | D:7      | Reached skill level 6 in Long Blades
  5229 | D:7      | Reached XP level 10. HP: 84/84 MP: 10/10
  5598 | D:7      | Reached skill level 7 in Long Blades
  5789 | D:7      | Reached skill level 8 in Long Blades
  5916 | D:7      | Found a staircase to the Ecumenical Temple.
  5932 | Temple   | Entered the Ecumenical Temple
  6024 | D:7      | Noticed Jeremiah
  6158 | D:7      | Killed Jeremiah
  6555 | D:8      | Noticed a two-headed ogre
  6569 | D:8      | Killed a two-headed ogre
  6570 | D:8      | Reached skill level 9 in Long Blades
  6815 | D:8      | Found a snail-covered altar of Cheibriados.
  6815 | D:8      | Found a stormy altar of Qazlal.
  7315 | D:9      | Found a blossoming altar of Fedhas.
  7477 | D:9      | Found a broken altar of Ashenzari.
  7530 | D:9      | Reached *** piety under the Shining One
  7571 | D:9      | Noticed an elephant
  7593 | D:9      | Killed an elephant
  7594 | D:9      | Reached skill level 10 in Long Blades
  7621 | D:9      | Found a sparkling altar of Nemelex Xobeh.
  7727 | D:9      | Noticed an elephant
  7736 | D:9      | Found Eteicic's Weapon Shop.
  7744 | D:9      | Found a flagged portal.
  7750 | Bailey   | Entered a bailey
  7815 | Bailey   | Reached XP level 11. HP: 85/92 MP: 11/11
  7872 | Bailey   | Noticed an orc sorcerer
  7880 | Bailey   | Killed an orc sorcerer
  8409 | Bailey   | Found an iron altar of Okawaru.
  8409 | Bailey   | Noticed an orc knight
  8419 | Bailey   | Killed an orc knight
  8420 | Bailey   | Reached skill level 11 in Long Blades
  8469 | Bailey   | Identified the +0 buckler of Bolily Temm {*Slow rElec Int+3
                  | Stlth+}
  8996 | Bailey   | Acquired a +0 triple sword of flaming
  8998 | Bailey   | Acquired the +0 pair of gloves of Least Resistance {Dex+2
                  | Stlth+}
  9285 | D:9      | Found an iron altar of Okawaru.
  9378 | D:9      | Found a hazy altar of Hepliaklqana.
  9496 | D:9      | Noticed a two-headed ogre
  9520 | D:9      | Killed a two-headed ogre
  9521 | D:9      | Reached skill level 12 in Long Blades
  9781 | D:10     | Entered Level 10 of the Dungeon
  9892 | D:9      | Reached **** piety under the Shining One
 10012 | D:10     | Found a staircase to the Lair.
 10249 | D:10     | Reached skill level 13 in Long Blades
 10617 | D:10     | Found a bloodstained altar of Trog.
 10776 | Lair:1   | Entered Level 1 of the Lair of Beasts
 10796 | D:10     | Reached XP level 12. HP: 103/103 MP: 12/12
 11477 | Lair:1   | Reached skill level 14 in Long Blades
 11491 | Lair:1   | Noticed a death yak
 11514 | Lair:1   | Killed a death yak
 12193 | Lair:1   | Noticed a death yak
 12238 | Lair:1   | Killed a death yak
 13136 | D:11     | Reached skill level 15 in Long Blades
 13200 | D:11     | Found a staircase to the Orcish Mines.
 13683 | D:11     | Reached skill level 10 in Fighting
 13825 | Orc:1    | Entered Level 1 of the Orcish Mines
 14109 | Orc:1    | Noticed an orc warlord
 14414 | D:11     | Killed an orc warlord
 14668 | D:11     | Paralysed by an orc sorcerer for 3 turns
 14748 | Orc:1    | Reached ***** piety under the Shining One
 14756 | Orc:1    | Reached XP level 13. HP: 104/113 MP: 13/13
 15779 | Orc:2    | Entered Level 2 of the Orcish Mines
 16083 | Orc:2    | Reached skill level 16 in Long Blades
 16200 | Orc:2    | Found a staircase to the Elven Halls.
 16240 | Orc:2    | Found Getyap's Distillery.
 16240 | Orc:2    | Found Ycseovusch's General Store.
 16247 | Orc:2    | Found a burning altar of Makhleb.
 16250 | Orc:2    | Found a gate leading to a gauntlet.
 16340 | Gauntlet | Entered a Gauntlet
 16340 | Gauntlet | Found a transporter.
 16340 | Gauntlet | Found a runed translucent gate.
 16340 | Gauntlet | Found a runed translucent gate.
 16381 | Gauntlet | Found a runed translucent gate.
 16386 | Gauntlet | Found a transporter.
 16388 | Gauntlet | Found a transporter.
 16404 | Gauntlet | Found a transporter.
 16405 | Gauntlet | Found a transporter.
 16414 | Gauntlet | Found a transporter.
 16417 | Gauntlet | Noticed a quicksilver ooze
 16427 | Gauntlet | Noticed a cacodemon
 16430 | Gauntlet | Found a transporter.
 16443 | Gauntlet | Found a transporter.
 16444 | Gauntlet | Noticed a quicksilver ooze
 16454 | Gauntlet | Found a transporter.
 16461 | Gauntlet | Found a transporter.
 16478 | Gauntlet | Found a transporter.
 16491 | Gauntlet | Found a transporter.
 16543 | Gauntlet | Found a transporter.
 16546 | Gauntlet | Found a transporter.
 16546 | Gauntlet | Found a runed translucent door.
 16771 | Gauntlet | Identified the staff of the Thing {rElec Int+6 Air}
 16795 | Gauntlet | Identified the ring "Heahevvital" {rF+ rCorr Str+4 Int+3}
 16811 | Gauntlet | Identified the amulet of Kugeuvas {Faith Will+}
 16813 | Gauntlet | Identified the +0 pair of gloves of Distant Shores {Int-5
                  | Dex+5 SInv}
 16829 | Gauntlet | Noticed a minotaur
 16836 | Gauntlet | HP: 1/115 [minotaur/silver javelin (5)]
 16837 | Gauntlet | Hit by a silver javelin thrown by a minotaur

Illustrated notes

Levels and vault maps discovered:
D:1:      dpeg_arrival_stonehenge_8_columns, layout_basic,
          minmay_shallow_snake_nest
D:2:      layout_loops_ring, serial_shops, nicolae_shop_rolling_square,
          basic_altar, uniq_robin
D:3:      layout_rooms, lemuel_coloured_pillars_altar, dk_yredelemnul_ordeal,
          grunt_ministairs_4, uniq_sigmund, uniq_crazy_yiuf_cottage
D:4:      layout_rooms, nemelex_diamond_rough_becter, nzn_wu_jian_council_hall
D:5:      layout_loops_ring, overflow_temple_1_default
D:6:      layout_cave_pods, kennysheep_mini, lemuel_crystal_altar, serial_shops,
          nicolae_shop_trees, hangedman_glass_teeth, minmay_circle_x,
          uniq_pikel, uniq_maggie
D:7:      layout_loops_ring, general_overflow_altar,
          minmay_temple_entry_slanted, uniq_menkaure, uniq_jeremiah,
          uniq_maurice
D:8:      layout_loops_corners, jmf_multi_god_temple,
          nicolae_straight_to_the_point
D:9:      wad_woods_stonehenge, layout_basic, nicolae_overflow_crystal_walls,
          amcnicky_altar_gilded, mainiacjoe_overflow_catwalk, ashenzari_altar_1,
          enter_bailey_2, serial_shops, shop, chequers_serial_rivers_room_b,
          kennysheep_generic_room_10
D:10:     layout_cave_pools, mainiacjoe_overflow_six_doors_small,
          david_lair_generic
D:11:     layout_irregular_city, hiddenorc2_lemuel,
          hangedman_abyss_or_decor_slice, amethyst_killhole
Temple:   hellmonk_temple_two_chambers
Lair:1:   dreamdust_isle_of_ice, layout_regular_city, serial_rivers,
          chequers_serial_rivers_micro_c, chequers_serial_rivers_micro_d,
          chequers_serial_rivers_micro_a, chequers_serial_rivers_micro_c
Orc:1:    orc_temple, layout_diamond_mine, basic_altar
Orc:2:    pf_orc_diabolical, layout_caves, gauntlet_entry_generic,
          nicolae_orc_rockfall, bloody_makhleb
Gauntlet: minmay_gauntlet_77_tree [minmay_gauntlet_arena_77_run_for_it,
          minmay_gauntlet_arena_77_path, minmay_gauntlet_arena_77_mess,
          minmay_gauntlet_arena_77_squiggly, minmay_gauntlet_arena_77_mirror,
          minmay_gauntlet_arena_77_double_cross, minmay_gauntlet_arena_77_fan,
          gauntlet_exit_hidden_loot]

Skill      XL: |  1  2  3  4  5  6  7  8  9 10 11 12 13 |
---------------+----------------------------------------+-----
Short Blades   | 1 2 3 4 6 7 8 10 | 10.5
Dodging        | 3 4 6 7 8 |  8.5
Fighting       | 4 6 7 8 10 | 10.9
Long Blades    | 6 10 13 15 16 | 16.1

Action                     |  1- 3 |  4- 6 |  7- 9 | 10-12 | 13-15 || total
---------------------------+-------+-------+-------+-------+-------++-------
  Melee: Falchion          |     9 |       |       |       |       ||     9
         Dagger            |    83 |   133 |   163 |       |       ||   379
         Tailslap          |    11 |    18 |    44 |   165 |    52 ||   290
         Scimitar          |       |       |    28 |   746 |   190 ||   964
         Punch             |       |       |       |    16 |     4 ||    20
  Throw: Javelin           |       |       |     1 |       |       ||     1
 Invoke: Divine Shield     |       |       |       |     4 |       ||     4
Ability: Breathe Noxious F |       |       |    13 |    42 |    12 ||    67
  Evoke: Wand              |       |       |       |       |     2 ||     2
    Use: Scroll            |     2 |     5 |     6 |     9 |     2 ||    24
         Potion            |       |     4 |       |       |     3 ||     7
   Stab: Confused          |       |       |     5 |       |       ||     5
 Armour: Skin              |    31 |    42 |    67 |   258 |    79 ||   477
  Dodge: Dodged            |    63 |    60 |   104 |   501 |   161 ||   889
  Block: Other             |       |       |       |    13 |       ||    13
